 Dungeon Crawl Stone Soup version 0.20-a0-899-g09a9bfb (webtiles) character file.

8024 4thArraOfDagon the Carver (level 11, -12/90 HPs)
             Began as a Barachi Hunter on Mar 18, 2017.
             Was an Elder of Okawaru.
             Mangled by a tengu warrior
             ... wielding a +1 halberd
              (16 damage)
             ... on level 12 of the Dungeon.
             The game lasted 00:22:15 (4245 turns).

4thArraOfDagon the Carver (Barachi Hunter)          Turns: 4245, Time: 00:22:16

Health: -12/90     AC: 17    Str: 11 (14) XL:     11   Next: 24%
Magic:  14/14      EV:  9    Int: 17 (18) God:    Okawaru [****..]
Gold:   269        SH:  6    Dex:  9 (12) Spells: 10/10 levels left

rFire    . . .     SeeInvis .   a - +1 hand crossbow
rCold    . . .     Gourm    +   h - +4 chain mail
rNeg     . . .     Faith    .   s - +2 buckler
rPois    .         Spirit   .   (no helmet)
rElec    .         Reflect  .   r - +0 cloak
rCorr    .         Harm     .   (no gloves)
MR       .....                  (no boots)
Stlth    ..........             v - amulet of the gourmand
Regen    0.3/turn               (no ring)
MPRegen  0.2/turn               z - +3 ring of intelligence

@: heroism, can't hop, slow
A: +LOS, swims, low mp 1, slowness 1, wild magic 1, strong legs 1
a: Hop, Heroism, Renounce Religion


You were on level 12 of the Dungeon.
You worshipped Okawaru.
Okawaru was greatly pleased with you.
You were very full.

You visited 3 branches of the dungeon, and saw 15 of its levels.

You collected 269 gold pieces.

Inventory:

Hand Weapons
 a - a +1 hand crossbow (weapon)
 b - a +0 short sword
 m - a -1 long sword
 o - a +0 halberd
 q - a +0 scimitar
Missiles
 t - 95 bolts (quivered)
 H - 4 exploding tomahawks
 I - 8 poisoned tomahawks
Armour
 c - a +0 leather armour
 d - a +0 scale mail of positive energy
 h - a +4 chain mail (worn)
 r - a +0 cloak (worn)
 s - a +2 buckler (worn)
 E - a +1 scale mail of cold resistance
 G - a +0 chain mail of fire resistance
Magical Staves
 n - an uncursed staff of wizardry {!a}
Jewellery
 v - an amulet of the gourmand (around neck)
 z - a +3 ring of intelligence (left hand)
Wands
 u - a wand of acid (0/15)
 w - a wand of random effects (26/48)
 x - a wand of iceblast (0/15)
 K - a wand of lightning (10/15)
Scrolls
 e - a scroll of identify
 j - 4 scrolls of recharging
 k - 3 scrolls of remove curse
 p - 4 scrolls of fog
 y - a scroll of magic mapping
 A - 2 scrolls of amnesia {unknown}
 C - a scroll of vulnerability {unknown}
 J - a scroll of enchant armour {unknown}
Comestibles
 f - 5 bread rations
 g - 4 meat rations
 i - 7 fruits


   Skills:
 - Level 10.0(15.0) Fighting
 * Level 11.9(16.9) Long Blades
 - Level 4.0(9.0) Crossbows
 + Level 6.4(11.4) Armour
 + Level 6.7(11.7) Dodging
 - Level 0.8(5.8) Stealth
 + Level 6.8 Invocations


You had 10 spell levels left.
You didn't know any spells.

Dungeon Overview and Level Annotations

Branches:
Dungeon (12/15)            Temple (1/1) D:5            Lair (0/6) D:10
    Orc (2/2) D:11
    Elf: Orc:2

Altars:
Ashenzari
Cheibriados
Dithmenos
Elyvilon
Gozag
Hepliaklqana
Kikubaaqudgha
Makhleb
Nemelex Xobeh
Okawaru
Qazlal
Ru
Uskayaw
Vehumet
Xom
Yredelemnul
Zin
The Shining One
Beogh

Annotations:
D:12 Harold


Innate Abilities, Weirdness & Mutations

Shadows flee at your approach. (+LOS)
You can swim through water.
You cover ground slowly.
You can hop short distances.
Your magical capacity is low. (-10% MP)
Your spells are a little harder to cast, but a little more powerful.


Message History

Hop to where?
Press: ? - help, Dir - move target cursor, p - tengu warrior Boing!
The tengu warrior hits you but does no damage.
Unknown command.
Wield which item (- for none, * to show all)? (? for menu, Esc to quit)
Okay, then.
Unknown command.
Wield which item (- for none, * to show all)? (? for menu, Esc to quit)
a - a +1 hand crossbow (weapon)
The tengu warrior hits you from afar with an enchanted halberd!
* * * LOW HITPOINT WARNING * * *
Firing (i - inventory. (,) - cycle):
t - 96 bolts (quivered)
Press: ? - help, Shift-Dir - straight line, f - tengu warrior
Aim: a tengu warrior, wielding an enchanted halberd and wearing a ring mail (heavily wounded)
You shoot a bolt.
The bolt closely misses the tengu warrior.
You hear a splash.
The tengu warrior hits you from afar with an enchanted halberd!
You die...

#################
#...............#
#.#####...@.§...#
#.# #≈≈≈≈≈Q≈≈≈#
#.# #≈≈≈≈≈≈≈(≈#
#.# #8≈≈≈≈≈≈≈8#
#.# #####{#####
#.# .{5C #.#
.[.ZZo #.#
#..##### #.# .'..


You could see a tengu warrior, a cyclops, a crimson imp, an orc and a bullfrog
skeleton.

Vanquished Creatures
  2 two-headed ogres (D:10)
  An unseen horror (D:12)
  Pikel (D:7)
  A gargoyle (D:12)
  A hornet (D:9)
  4 slime creatures (D:12)
  A hippogriff (D:7)
  A shadow (D:11)
  8 yaks
  A hungry ghost (D:9)
  A soldier ant (D:11)
  A water moccasin (D:10)
  5 orc warriors
  2 ogres
  A sky beast (D:7)
  6 centaurs
  A big kobold (D:9)
  4 bullfrogs
  2 scorpions (D:9)
  7 crimson imps
  A bullfrog zombie (D:12)
  A centaur zombie (D:5)
  3 hounds
  A bullfrog skeleton (D:11)
  2 orc priests (D:11)
  A centaur skeleton (D:7)
  An orc wizard (D:5)
  7 worker ants
  3 iguanas
  A killer bee zombie (D:9)
  A hound zombie (D:5)
  A worker ant zombie (D:11)
  7 adders
  9 gnolls
  A shadow imp (D:10)
  A worm (D:5)
  3 dart slugs
  5 leopard geckos
  26 orcs
  4 bats
  3 giant cockroaches
  3 goblins
  6 hobgoblins
  6 jackals
  11 kobolds
  2 quokkas
  3 frilled lizards
  A jackal skeleton (D:8)
  A quokka zombie (D:5)
  2 rats
168 creatures vanquished.

Notes
Turn   | Place    | Note
-------+----------+-------------------------------------------
     0 | D:1      | 4thArraOfDagon the Barachi Hunter began the quest for the Orb.
     0 | D:1      | Reached XP level 1. HP: 17/17 MP: 1/1
    45 | D:1      | Reached XP level 2. HP: 19/24 MP: 2/2
   112 | D:2      | Reached XP level 3. HP: 24/31 MP: 3/3
   224 | D:2      | Reached skill level 5 in Fighting
   236 | D:2      | Reached XP level 4. HP: 32/39 MP: 4/4
   713 | D:4      | Reached XP level 5. HP: 47/47 MP: 5/5
   915 | D:4      | Noticed an ogre
   920 | D:4      | Killed an ogre
   920 | D:4      | Reached XP level 6. HP: 56/56 MP: 6/6
   959 | D:5      | Entered Level 5 of the Dungeon
  1169 | D:5      | Reached XP level 7. HP: 53/63 MP: 7/7
  1198 | D:5      | Found a staircase to the Ecumenical Temple.
  1212 | Temple   | Entered the Ecumenical Temple
  1342 | Temple   | Became a worshipper of Warmaster Okawaru
  1623 | D:7      | Reached skill level 1 in Invocations
  1648 | D:7      | Reached skill level 10 in Fighting
  1652 | D:7      | Gained mutation: Your muscles are strong. (Str +2) [mutagenic meat]
  1655 | D:7      | Gained mutation: Armour fits poorly on your strangely shaped body. [mutagenic meat]
  1656 | D:7      | Gained mutation: You are frail. (-10% HP) [mutagenic meat]
  1657 | D:7      | Gained mutation: You are partially covered in iridescent scales. (AC +2) [mutagenic meat]
  1666 | D:8      | Found a snail-covered altar of Cheibriados.
  1694 | D:7      | Reached skill level 1 in Long Blades
  1694 | D:7      | Reached XP level 8. HP: 47/64 MP: 9/9
  1713 | D:7      | ofc
  1872 | D:7      | Reached * piety under Okawaru
  1872 | D:7      | Reached skill level 2 in Long Blades
  1873 | D:7      | Noticed a hippogriff
  1885 | D:7      | Killed a hippogriff
  1885 | D:7      | Reached skill level 4 in Long Blades
  1917 | D:7      | Noticed Pikel
  1930 | D:7      | Killed Pikel
  1930 | D:7      | Reached skill level 6 in Long Blades
  2065 | D:9      | Reached XP level 9. HP: 57/70 MP: 9/12
  2099 | D:9      | Reached skill level 7 in Long Blades
  2116 | D:9      | Lost mutation: Armour fits poorly on your strangely shaped body. [potion of mutation]
  2116 | D:9      | Lost mutation: You are frail. (-10% HP) [potion of mutation]
  2116 | D:9      | Gained mutation: You are dopey. (Int -2) [potion of mutation]
  2116 | D:9      | Gained mutation: You have a somewhat thin skeletal structure. (Dex +2, Stealth) [potion of mutation]
  2116 | D:9      | Gained mutation: You can translocate small distances at will. [potion of mutation]
  2117 | D:9      | Lost mutation: Your muscles are strong. (Str +2) [potion of mutation]
  2117 | D:9      | Lost mutation: You can translocate small distances at will. [potion of mutation]
  2117 | D:9      | Lost mutation: You are dopey. (Int -2) [potion of mutation]
  2117 | D:9      | Lost mutation: You have a somewhat thin skeletal structure. (Dex +2, Stealth) [potion of mutation]
  2117 | D:9      | Gained mutation: You are agile. (Dex +2) [potion of mutation]
  2117 | D:9      | Gained mutation: You have sharp toenails. [potion of mutation]
  2134 | D:9      | Noticed a hornet
  2140 | D:9      | Paralysed by a hornet for 2 turns
  2147 | D:9      | Killed a hornet
  2147 | D:9      | Reached ** piety under Okawaru
  2249 | D:9      | Reached skill level 1 in Armour
  2270 | D:9      | Reached skill level 8 in Long Blades
  2464 | D:10     | Entered Level 10 of the Dungeon
  2652 | D:10     | Reached skill level 5 in Invocations
  2696 | D:11     | Noticed a kobold demonologist
  2728 | D:10     | Noticed a two-headed ogre
  2744 | D:10     | Killed a two-headed ogre
  2744 | D:10     | Reached skill level 9 in Long Blades
  2759 | D:10     | Reached XP level 10. HP: 80/85 MP: 14/14
  2863 | D:10     | Found a staircase to the Lair.
  2942 | D:10     | Noticed a two-headed ogre
  2950 | D:10     | Killed a two-headed ogre
  2950 | D:10     | Reached *** piety under Okawaru
  2950 | D:10     | Reached skill level 10 in Long Blades
  3025 | D:12     | Reached skill level 5 in Dodging
  3048 | D:12     | Reached **** piety under Okawaru
  3081 | D:12     | Received a gift from Okawaru
  3081 | D:12     | Reached skill level 5 in Armour
  3124 | D:12     | Noticed a gargoyle
  3155 | D:12     | Killed a gargoyle
  3167 | D:12     | Noticed a two-headed ogre
  3223 | D:11     | Reached skill level 11 in Long Blades
  3295 | D:11     | Received a gift from Okawaru
  3493 | D:11     | Noticed a six-headed hydra
  3544 | D:11     | Found a roughly hewn altar of Beogh.
  3546 | D:11     | Reached XP level 11. HP: 65/90 MP: 12/15
  3548 | D:11     | Found a staircase to the Orcish Mines.
  3632 | Orc:1    | Entered Level 1 of the Orcish Mines
  3661 | Orc:2    | Entered Level 2 of the Orcish Mines
  3878 | D:11     | Lost mutation: You are agile. (Dex +2) [potion of mutation]
  3878 | D:11     | Lost mutation: You have sharp toenails. [potion of mutation]
  3878 | D:11     | Lost mutation: You are partially covered in iridescent scales. (AC +2) [potion of mutation]
  3878 | D:11     | Gained mutation: You are robust. (+10% HP) [potion of mutation]
  3878 | D:11     | Gained mutation: Your magical capacity is low. (-10% MP) [potion of mutation]
  3878 | D:11     | Lost mutation: You are robust. (+10% HP) [potion of mutation]
  3878 | D:11     | Gained mutation: Your spells are a little harder to cast, but a little more powerful. [potion of mutation]
  4016 | D:12     | Killed an unseen horror
  4016 | D:12     | Received a gift from Okawaru
  4107 | D:12     | Noticed a cyclops
  4116 | D:12     | Noticed Harold
  4211 | D:12     | Noticed a cyclops
  4214 | D:12     | Noticed a tengu warrior
  4244 | D:12     | HP: 3/90 [tengu warrior/enchanted halberd (7)]
  4245 | D:12     | Mangled by a tengu warrior

Vault maps used:
D:1:      evilmike_arrival_hilbert_curve
D:3:      portal_sewer_entry_d, corexii_leaking_fountain
D:4:      first_bread, mrwooster_statue_mirror
D:5:      temple_fountains
D:6:      kennysheep_slugbush, overflow_temple_1_default, basic_altar
D:7:      marbit_many_paths, uniq_pikel
D:8:      cheibriados_altar_1, serial_ice, serial_ice_k, serial_ice_e,
          serial_ice_g, serial_ice_a, hangedman_ranch, minivault_4, uniq_maurice
D:9:      nicolae_overflow_hidden_temple
D:10:     lair_entry_dummy
D:11:     david_orc_5
D:12:     evilmike_minifort, uniq_harold
Temple:   minmay_crystal_spiral_temple
Orc:1:    uniq_erica
Orc:2:    pf_orc_diabolical, uniq_saint_roka

Skill      XL: |  1  2  3  4  5  6  7  8  9 10 11 |
---------------+----------------------------------+-----
Fighting       | 3 4 5 6 7 8 10 | 10.0
Invocations    | 2 4 5 6 |  6.8
Long Blades    | 1 6 9 11 | 11.9
Armour         | 3 5 6 |  6.4
Dodging        | 4 6 |  6.7
Crossbows      | |  4.0
Stealth        | |  0.8

Action                   |  1- 3 |  4- 6 |  7- 9 | 10-12 || total
-------------------------+-------+-------+-------+-------++-------
Melee: Halberd           |       |     4 |    19 |       ||    23
       Scimitar          |       |       |   193 |   370 ||   563
       Kick              |       |       |    22 |   116 ||   138
 Fire: Hand crossbow     |    42 |   126 |    38 |     1 ||   207
Throw: Tomahawk          |       |       |       |     1 ||     1
Invok: Heroism           |       |       |     8 |    18 ||    26
 Abil: Hop               |     3 |       |     1 |     2 ||     6
Evoke: Wand              |       |       |     8 |     3 ||    11
  Use: Scroll            |       |     1 |     8 |     3 ||    12
       Potion            |       |       |     5 |     6 ||    11
 Stab: Invisible         |       |       |     1 |       ||     1
       Paralysed         |       |       |       |     5 ||     5
  Eat: Chunk             |       |     1 |    21 |     5 ||    27
Armor: Leather armour    |     4 |       |       |       ||     4
       Chain mail        |     8 |    43 |   180 |   152 ||   383
Dodge: Dodged            |    18 |    27 |    87 |    95 ||   227
Block: Buckler           |       |       |    34 |    91 ||   125
       Rpst.: Scimitar   |       |       |    10 |    24 ||    34
